 Dungeon Crawl Stone Soup version 0.31-a0-925-g0a390f2509 (webtiles) character file.

Game seed: 7453489604667068408

235074 waq the Impassioned (level 19, -5/174 HPs)
             Began as a Ghoul Hunter on Oct 17, 2023.
             Was a Believer of Uskayaw.
             Slain by a +1 glaive of distortion (22 damage)
             ... on level 1 of the Elven Halls on Oct 19, 2023.
             The game lasted 08:43:40 (80232 turns).

waq the Impassioned (Ghoul Hunter)                 Turns: 80232, Time: 08:43:40

Health: -5/174     AC: 30    Str: 32    XL:     19   Next: 16%
Magic:  57/57      EV: 15    Int:  4    God:    Uskayaw [**....]
Gold:   886        SH:  5    Dex: 22    Spells: 18/18 levels left

rFire   . . .        b - +0 arbalest (freeze)
rCold   + + .        (shield currently unavailable)
rNeg    + + +        Q - +5 plate armour "Nienab" {Rampage rN+}
rPois   ∞            W - +2 helmet of Kikubaaqudgha's Envy {+Blink rPois rCorr}
rElec   +            T - +0 cloak
rCorr   +            U - +0 pair of gloves "Poseq" {Will+ MP+9 Str+4}
SInv    +            c - +0 pair of boots of the Gate {rC+}
Will    +++..        I - amulet of Osunetos {Reflect Str+5 Slay+2 SH+5} Stlth
                     V - ring "Moeva" {MP+9 Str+6 Dex+4}
HPRegen 0.00/turn    q - ring of Ywnerac {rElec Will+ MP+9 SInv}
MPRegen 0.35/turn

%: reflection, rampage
@: inhibited regen
A: claws 1, cold resistance 1, negative energy resistance 3, inhibited
regeneration, torment resistance 2, devour on kill
}: 2/15 runes: decaying, gossamer
a: Renounce Religion, Evoke Blink, Stomp, Line Pass


You were on level 1 of the Elven Halls.
You worshipped Uskayaw.
Uskayaw was most pleased with you.
You visited 7 branches of the dungeon, and saw 32 of its levels.
You also visited: Sewer, Gauntlet and Ice Cave.

You collected 3472 gold pieces.
You spent 2586 gold pieces at shops.

Inventory:

Hand Weapons
 a - the +10 halberd "Ucwoj" {distort, rC+}
   (You found it on level 1 of the Swamp)

   rC+:       It protects you from cold.
 b - a +0 arbalest of freezing (weapon)
Missiles
 p - 12 curare-tipped darts
 x - 12 javelins
Armour
 c - the +0 pair of boots of the Gate (worn) {rC+}
   (You found it on level 1 of the Orcish Mines)

   rC+:       It protects you from cold.
 k - the +9 plate armour of Ocheshuu {-Tele Harm rElec Dex+7}
   (You bought it in a shop on level 2 of the Orcish Mines)

   Dex+7:     It affects your dexterity (+7).
   rElec:     It insulates you from electricity.
   -Tele:     It prevents most forms of teleportation.
   Harm:      It increases damage dealt and taken.
 Q - the +5 plate armour "Nienab" (worn) {Rampage rN+}
   (You found it on level 4 of the Swamp)

   rN+:       It protects you from negative energy.
   Rampage:   It bestows one free step when moving towards enemies.
 T - a +0 cloak (worn)
 U - the +0 pair of gloves "Poseq" (worn) {Will+ MP+9 Str+4}
   (You bought it in a shop on level 1 of the Orcish Mines)

   Str+4:     It affects your strength (+4).
   Will+:     It increases your willpower.
   MP+9:      It affects your magic capacity (+9).
 W - the +2 helmet of Kikubaaqudgha's Envy (worn) {+Blink rPois rCorr}
   (You bought it in a shop on level 1 of the Orcish Mines)

   rPois:     It protects you from poison +Blink: It lets you blink.
   rCorr:     It protects you from acid and corrosion.
Jewellery
 j - the ring "Askost" {*Slow rC+ rN+ MP+9 Stlth+}
   (You found it in a Gauntlet)

   [ring of positive energy]

   rC+:       It protects you from cold.
   rN+:       It protects you from negative energy.
   MP+9:      It affects your magic capacity (+9).
   *Slow:     It may slow you when you take damage.
   Stlth+:    It makes you more stealthy.
 m - a ring of flight
 o - a ring of resist corrosion
 q - the ring of Ywnerac (right hand) {rElec Will+ MP+9 SInv}
   (You acquired it on level 5 of the Dungeon)

   [ring of willpower]

   rElec:     It insulates you from electricity.
   Will+:     It increases your willpower.
   MP+9:      It affects your magic capacity (+9).
   SInv:      It lets you see invisible.
 s - a +6 ring of intelligence
 u - a ring of wizardry
 I - the amulet of Osunetos (around neck) {Reflect Str+5 Slay+2 SH+5}
   (You acquired it on level 5 of the Dungeon)

   [amulet of reflection]

   Reflect:   It reflects blocked missile attacks.
   Str+5:     It affects your strength (+5).
   Slay+2:    It affects your accuracy & damage with ranged weapons and melee
   (+2).
   SH+5:      It affects your SH (+5).
 K - a ring of fire
 M - a ring of willpower
 V - the ring "Moeva" (left hand) {MP+9 Str+6 Dex+4}
   (You acquired it on level 5 of the Dungeon)

   [ring of strength]

   Str+6:     It affects your strength (+6).
   Dex+4:     It affects your dexterity (+4).
   MP+9:      It affects your magic capacity (+9).
 X - a ring of fire
Wands
 i - a wand of digging (3)
 l - a wand of acid (13)
 n - a wand of iceblast (13)
Scrolls
 f - 4 scrolls of blinking
 g - 12 scrolls of teleportation
 r - a scroll of identify
 w - a scroll of vulnerability {unknown}
 y - 4 scrolls of fog
 B - 3 scrolls of butterflies
 F - 3 scrolls of fear
 G - 2 scrolls of poison
 H - 9 scrolls of immolation
Potions
 d - 5 potions of haste
 e - 5 potions of heal wounds
 h - 10 potions of ambrosia {@q2}
 t - 3 potions of brilliance {unknown}
 v - 2 potions of invisibility {unknown}
 z - 16 potions of curing
 A - 2 potions of cancellation
 S - 3 potions of enlightenment
 Y - 2 potions of resistance {unknown}
 Z - 10 potions of might


   Skills:
 + Level 16.8 Fighting
 + Level 16.9 Ranged Weapons
 + Level 15.3 Armour
 - Level 9.5 Dodging
 - Level 2.6 Stealth
 + Level 17.8 Invocations


You had 18 spell levels left.
You didn't know any spells.
Your spell library contained the following spells:

 Spells                   Type           Power      Damage    Failure   Level
 Apportation              Tloc           0%         N/A       95%         1
 Kiss of Death            Conj/Necr      0%         2d5       95%         1
 Magic Dart               Conj           0%         1d3       95%         1
 Necrotise                Necr           0%         1d4       95%         1
 Shock                    Conj/Air       0%         1d3       95%         1
 Sting                    Tmut/Pois      0%         1d3       95%         1
 Summon Small Mammal      Summ           0%         N/A       95%         1
 Cigotuvi's Dreadful Rot  Necr/Pois/Air  0%         N/A       99%         2
 Ensorcelled Hibernation  Hex/Ice        0%         N/A       99%         2
 Jinxbite                 Hex            0%         N/A       99%         2
 Passwall                 Tmut/Erth      0%         N/A       99%         2
 Poisonous Vapours        Pois/Air       0%         N/A       99%         2
 Searing Ray              Conj           0%         2d4       99%         2
 Static Discharge         Conj/Air       0%         2-2/arc   99%         2
 Call Canine Familiar     Summ           0%         N/A       100%        3
 Confusing Touch          Hex            0%         N/A       100%        3
 Hailstorm                Conj/Ice       0%         3d3       100%        3
 Ignite Poison            Fire/Tmut/Pois 0%         N/A       100%        3
 Ozocubu's Armour         Ice            0%         N/A       100%        3
 Sigil of Binding         Hex            0%         N/A       100%        3
 Swiftness                Air            0%         N/A       100%        3
 Tukima's Dance           Hex            0%         N/A       100%        3
 Airstrike                Air            0%         2d(0-16)  100%        4
 Animate Dead             Necr           0%         N/A       100%        4
 Cause Fear               Hex            0%         N/A       100%        4
 Dimensional Bullseye     Hex/Tloc       0%         N/A       100%        4
 Dispel Undead            Necr           0%         3d6       100%        4
 Fulminant Prism          Conj/Hex       0%         3d5       100%        4
 Iskenderun's Mystic Bla  Conj/Tloc      0%         2d3       100%        4
 Leda's Liquefaction      Hex/Erth       0%         N/A       100%        4
 Olgreb's Toxic Radiance  Pois           0%         N/A       100%        4
 Petrify                  Tmut/Erth      0%         N/A       100%        4
 Sticky Flame             Conj/Fire      0%         2d3       100%        4
 Summon Ice Beast         Ice/Summ       0%         N/A       100%        4
 Summon Lightning Spire   Summ/Air       0%         N/A       100%        4
 Alistair's Intoxication  Tmut/Pois      0%         N/A       100%        5
 Borgnjor's Vile Clutch   Necr/Erth      0%         N/A       100%        5
 Fireball                 Conj/Fire      0%         3d3       100%        5
 Freezing Cloud           Conj/Ice/Air   0%         6-21      100%        5
 Irradiate                Conj/Tmut      0%         3d11      100%        5
 Death Channel            Necr           0%         N/A       100%        6
 Simulacrum               Ice/Necr       0%         N/A       100%        6
 Haunt                    Necr/Summ      0%         N/A       100%        7
 Ozocubu's Refrigeration  Ice            0%         4d7       100%        7
 Ignition                 Fire           0%         3d3       100%        8
 Infestation              Necr           0%         N/A       100%        8
 Dragon's Call            Summ           0%         N/A       100%        9
 Polar Vortex             Ice            0%         N/A       100%        9
 Sublimation of Blood     Necr           Unusable   N/A       N/A         2

Dungeon Overview and Level Annotations

Branches:
Dungeon (15/15) Zot: 22857  Temple (1/1) D:7 Zot: 5945    Lair (5/5) D:11 Zot: 15121
  Swamp (4/4) Lair:2 Zot: 16174  Spider (4/4) Lair:2 Zot: 9249   Slime (0/5) Lair:5
    Orc (2/2) D:11 Zot: 6797     Elf (1/3) Orc:2 Zot: 3502  Vaults (0/5) D:14
 Depths (0/4) D:15          Sewer (visited)           IceCv (visited)
Gauntlet (visited)

Altars:
Ashenzari
Cheibriados
Dithmenos
Fedhas
Gozag
Hepliaklqana
Kikubaaqudgha
Makhleb
Nemelex Xobeh
Okawaru
Qazlal
Ru
Sif Muna
Trog
Uskayaw
Vehumet
Wu Jian
Xom
Yredelemnul
Jiyva

Shops:
Orc:1 [([([   Orc:2 ![:([

Annotations:
Swamp:3 Lernaean hydra


Innate Abilities, Weirdness & Mutations

You are immune to poison.
You have sharp fingernails.
Your flesh is cold resistant. (rC+)
You are immune to negative energy. (rN+++)
You do not regenerate when monsters are visible.
You are immune to unholy pain and torment.
You thrive by killing the living.


Message History

You shoot a bolt.
The bolt barely misses the +2 heavy scimitar.
The bolt hits the +1 glaive of distortion.
The +1 glaive of distortion is lightly damaged.
The +2 heavy scimitar hits you but does no damage.
The +1 glaive of distortion hits you from afar!!
* * * LOW HITPOINT WARNING * * *
Space warps horribly around you!
* * * LOW HITPOINT WARNING * * *
Unknown command.
Fire: b) +0 arbalest (freeze)
Press: ? - help, Shift-Dir - straight line, f/p - +2 heavy scimitar
Aim: a +2 heavy scimitar (lightly damaged, 56% to hit)
You shoot a bolt. The bolt hits the +2 heavy scimitar!
The bolt freezes the +2 heavy scimitar.
The +2 heavy scimitar is severely damaged.
The +2 heavy scimitar hits you but does no damage.
The +1 glaive of distortion hits you but does no damage.
You blink.
The +1 glaive of distortion hits you!!
* * * LOW HITPOINT WARNING * * *
You can now pass through a line of other dancers.
Unknown command.
Fire: b) +0 arbalest (freeze)
Press: ? - help, Shift-Dir - straight line, f/p - +2 heavy scimitar
Aim: a +2 heavy scimitar (severely damaged, 56% to hit)
You shoot a bolt.
The bolt hits the +1 glaive of distortion!
The +1 glaive of distortion is moderately damaged.
The +1 glaive of distortion hits you!
* * * LOW HITPOINT WARNING * * *
Unknown command.
Fire: b) +0 arbalest (freeze)
Press: ? - help, Shift-Dir - straight line, f/p - +2 heavy scimitar
Aim: a +2 heavy scimitar (severely damaged, 56% to hit)
You shoot a bolt.
The bolt misses the +1 glaive of distortion.
The bolt hits the +2 heavy scimitar but does no damage.
The +2 heavy scimitar is severely damaged.
The +1 glaive of distortion hits you!!
You die...

..........((.............##
.........@###.....)........
......)..## #.#####.##..###
........## #.# #.##..#
.#.....## #.# #.##..#
##...# #.# #.##..# ##.# #.#
#.##..# #' #.# #.##..# #
#.# #.##..### ###
#.#####.##..... ...
............... ..#
#..####.##..### #.# #..#
#.##..# #.# #..# #.##..#
#.# #..# #.##..# ##'##
##''## #.##..##
##...###....###......#


You could see 2 dancing weapons.

Vanquished Creatures
  Agnes (Spider:2)
  Kirke (Spider:2)
  A balrug (Gauntlet)
  Louise (D:14)
  The ghost of Pooter the Severer, a journeyman MiBe of Trog (Orc:1)
  2 emperor scorpions
  A broodmother (Spider:2)
  4 ghost moths
  An eleionoma (Swamp:2)
  8 bunyips
  Azrael (D:13)
  4 spark wasps
  The ghost of Alealo Viph the Grappler, a journeyman TrFi of Okawaru (D:13)
  A minotaur (Gauntlet)
  An ettin (D:15)
  The ghost of GigaChad the Cleaver, a journeyman KoFi of Gozag (Lair:3)
  An entropy weaver (shapeshifter) (D:15)
  3 entropy weavers
  A shambling mangrove (Swamp:4)
  A jorogumo (Spider:3)
  19 hydras
  3 catoblepae (Lair:5)
  3 ogre magi (Orc:2)
  5 alligators
  2 ghost crabs (Swamp:4)
  4 radroaches (Spider:4)
  4 centaur warriors
  9 dancing weapons
  2 two-headed ogres
  2 death knights
  7 death yaks
  7 boulder beetles
  3 tengu warriors
  15 demonic crawlers
  Nergalle (D:11)
  A hell hog (Gauntlet)
  5 deep elf knights (Elf:1)
  Amaemon (D:8)
  A skyshark (Lair:5)
  5 skeletal warriors
  The ghost of promet the Slicer, a novice GnWn of Dithmenos (D:8)
  A fire crab (Lair:4)
  7 pharaoh ants
  4 spriggan druids
  3 goliath frogs
  A deep troll (D:15)
  4 orb spiders
  16 swamp dragons
  3 deep elf archers (Elf:1)
  An orb spider (shapeshifter) (D:15)
  13 bog bodies
  12 steelbarb worms
  A phantasmal warrior (D:15)
  4 lindwurms (Lair:3)
  11 ugly things
  7 deep elf zephyrmancers (Elf:1)
  Pikel (D:4)
  4 wolf spider zombies (Spider:3)
  8 orc sorcerers
  17 deep elf pyromancers
  4 orc knights
  5 manticores
  2 necromancers
  2 will-o-the-wisps
  2 centaur zombies (D:13)
  15 wolf spiders
  2 cyclopes
  A moth of wrath (Spider:4)
  A spectral centaur (D:13)
  Joseph (D:7)
  An orange demon (D:8)
  7 black mambas
  9 torpor snails
  2 gargoyles
  6 cane toads
  A cane toad (shapeshifter) (D:12)
  A kobold demonologist (D:11)
  An efreet (D:13)
  An unseen horror (D:10)
  4 rime drakes
  4 yaktaurs (D:15)
  Maggie (D:8)
  3 freezing wraiths
  9 redback zombies
  4 komodo dragons
  A tengu conjurer (D:15)
  8 trolls
  7 meliai (Spider:4)
  3 bloated husks
  7 tyrant leeches
  A polar bear (Lair:4)
  An alligator simulacrum (Spider:3)
  11 hornets
  26 tarantellas
  2 wolf spider simulacra
  5 culicivora zombies (Spider:3)
  18 blink frogs
  7 tarantella zombies (Spider:3)
  A centaur simulacrum (D:13)
  5 slime creatures
  20 jumping spiders
  2 shadows (D:11)
  12 spriggans
  Sigmund (D:4)
  15 culicivoras
  A water elemental (Elf:1)
  A wyvern (D:9)
  51 yaks
  5 fire elementals
  4 hogs (Spider:3)
  2 fire bats (Gauntlet)
  Eustachio (D:4)
  Grum (Lair:1)
  4 wraiths
  2 basilisks
  4 steam dragons
  55 redbacks
  A minotaur simulacrum (Spider:3)
  11 swamp worms
  3 vampire mosquitoes (Lair:2)
  3 harpy simulacra (Spider:3)
  A warg (Orc:2)
  32 water moccasins
  A warg (shapeshifter) (D:15)
  7 hell hounds
  A spectral hornet (D:13)
  A floating eye (shapeshifter) (D:15)
  9 swamp drakes
  Duvessa (D:4)
  2 ice beasts (D:6)
  18 orc warriors
  17 centaurs
  4 ogres
  4 lemures (D:4)
  23 wolves
  A kobold brigand (D:8)
  7 bullfrogs
  A gnoll sergeant (D:5)
  6 scorpions
  2 deep troll simulacra (Spider:3)
  An earth elemental (Elf:1)
  12 wights
  Dowan (D:4)
  A lindwurm simulacrum (Spider:3)
  2 electric eels (Lair:4)
  4 howler monkeys
  2 lava snakes (Lair:4)
  2 hounds (D:6)
  2 human zombies (D:8)
  11 orc priests
  3 iguanas (D:6)
  A sleepcap (D:5)
  51 orc wizards
  Natasha (D:2)
  A human skeleton (D:8)
  A hell rat (Sewer)
  A boggart simulacrum (D:13)
  22 adders
  3 river rats
  8 gnolls
  A shadow imp (D:8)
  2 white imps
  2 ufetubi (D:6)
  A dart slug (D:1)
  93 orcs
  12 ball pythons
  8 endoplasms
  A giant cockroach (D:6)
  6 goblins
  6 hobgoblins
  4 jackals
  7 kobolds
  4 quokkas
  7 bats
  4 frilled lizards
  2 orc skeletons (D:8)
  An orc zombie (D:8)
  15 rats
1089 creatures vanquished.

Vanquished Creatures (others)
  A hydra (Swamp:4)
  A centaur warrior (D:14)
  A deep elf pyromancer (Elf:1)
  An ugly thing (D:14)
  A bloated husk (Swamp:3)
  2 humans (Spider:3)
  A vampire mosquito (Swamp:1)
  A centaur (D:14)
  7 foxfires
16 creatures vanquished.

Grand Total: 1105 creatures vanquished

Notes
Turn   | Place    | Note
-------+----------+-------------------------------------------
     0 | D:1      | waq the Ghoul Hunter began the quest for the Orb.
     0 | D:1      | Reached XP level 1. HP: 17/17 MP: 0/0
   122 | D:1      | Reached XP level 2. HP: 25/25 MP: 1/1
   504 | D:1      | Increase (s)trength, (i)ntelligence, or (d)exterity?
   504 | D:1      | Reached XP level 3. HP: 29/30 MP: 2/2
   642 | D:2      | Found a sparkling altar of Nemelex Xobeh.
   989 | D:2      | Noticed Natasha
  1293 | D:3      | Reached XP level 4. HP: 21/37 MP: 3/3
  1818 | D:3      | Found a shadowy altar of Dithmenos.
  2075 | D:4      | Found the +4 robe of Augmentation {Str+4 Int+4 Dex+4}
  2144 | D:4      | Noticed a lemure
  2144 | D:4      | Noticed a lemure
  2356 | D:4      | Noticed a lemure
  2357 | D:4      | Noticed Pikel
  2672 | D:4      | Noticed Dowan
  2689 | D:4      | Noticed an ogre
  3047 | D:5      | Entered Level 5 of the Dungeon
  3070 | D:5      | Reached XP level 5. HP: 45/45 MP: 4/4
  3960 | D:5      | Reached skill level 1 in Armour
  4347 | D:5      | Reached XP level 6. HP: 34/52 MP: 5/5
  4912 | D:5      | Identified the +1 ring mail of Pantheism {Fly Will+}
  5195 | D:4      | Noticed Eustachio
  5346 | D:4      | Paralysed by Pikel for 2 turns
  6033 | D:4      | Noticed Sigmund
  6309 | D:5      | Reached XP level 7. HP: 59/59 MP: 6/6
  6321 | D:5      | Identified 3 scrolls of acquirement
  6702 | D:5      | Acquired the ring of Ywnerac {rElec Will+ MP+9 SInv}
  6706 | D:5      | Acquired the amulet of Osunetos {Reflect Str+5 Slay+2 SH+5}
  6713 | D:5      | Acquired the ring "Moeva" {MP+9 Str+6 Dex+4}
  6899 | D:6      | Reached skill level 5 in Ranged Weapons
  6906 | D:6      | Found a glowing drain.
  6916 | Sewer    | Entered a sewer
  7461 | D:6      | Noticed a steam dragon
  7663 | D:6      | Killed a steam dragon
  7664 | D:6      | Reached skill level 5 in Fighting
  7792 | D:6      | Reached XP level 8. HP: 68/68 MP: 7/7
  9066 | D:6      | Reached skill level 5 in Dodging
  9524 | D:6      | Increase (s)trength, (i)ntelligence, or (d)exterity?
  9524 | D:6      | Reached XP level 9. HP: 62/78 MP: 8/8
 10115 | D:7      | Found a staircase to the Ecumenical Temple.
 10128 | Temple   | Found a transporter.
 10128 | Temple   | Found a transporter.
 10128 | Temple   | Found a transporter.
 10128 | Temple   | Found a transporter.
 10128 | Temple   | Entered the Ecumenical Temple
 10238 | D:7      | Noticed Joseph
 10260 | D:7      | You fall into a shaft and drop 3 floors!
 10260 | D:10     | Entered Level 10 of the Dungeon
 10348 | D:10     | Noticed a kobold demonologist
 10541 | D:9      | Reached skill level 5 in Armour
 11106 | D:8      | Noticed a boulder beetle
 11118 | D:8      | Killed a boulder beetle
 11889 | D:7      | HP: 3/80 [Joseph/sling bullet (2)]
 12131 | D:7      | Killed Joseph
 12132 | D:7      | Reached XP level 10. HP: 63/88 MP: 9/9
 12302 | D:8      | Noticed Amaemon
 12524 | D:8      | Noticed an orange demon
 12733 | D:8      | Noticed Maggie
 12782 | D:8      | Found a snail-covered altar of Cheibriados.
 12840 | D:8      | Found a runed translucent door.
 12841 | D:8      | Noticed promet's ghost (novice GnWn)
 12842 | D:8      | Noticed a purple ugly thing
 14155 | D:9      | Found a shimmering altar of Xom.
 14156 | D:9      | Found a stormy altar of Qazlal.
 14158 | D:9      | Found a hazy altar of Hepliaklqana.
 14158 | D:9      | Found a burning altar of Makhleb.
 14158 | D:9      | Found a sparkling altar of Nemelex Xobeh.
 14159 | D:9      | Found a radiant altar of Vehumet.
 14159 | D:9      | Found a broken altar of Ashenzari.
 14160 | D:9      | Found a hide-covered altar of Uskayaw.
 14161 | D:9      | Found a shimmering blue altar of Sif Muna.
 14161 | D:9      | Found a sacrificial altar of Ru.
 14168 | D:9      | Became a worshipper of Uskayaw the Reveller
 14194 | D:9      | Reached * piety under Uskayaw
 14205 | D:9      | Noticed a two-headed ogre
 14209 | D:9      | Reached ** piety under Uskayaw
 14214 | D:9      | Reached *** piety under Uskayaw
 14217 | D:9      | Killed a two-headed ogre
 14218 | D:9      | Reached skill level 1 in Invocations
 14301 | D:9      | Noticed a boulder beetle
 14312 | D:9      | Killed a boulder beetle
 14313 | D:9      | Reached skill level 2 in Invocations
 14548 | D:9      | Reached skill level 3 in Invocations
 14553 | D:9      | Reached XP level 11. HP: 97/97 MP: 12/12
 15548 | D:9      | Noticed a boulder beetle
 15617 | D:9      | Killed a boulder beetle
 15794 | D:10     | Reached skill level 4 in Invocations
 16626 | D:11     | Noticed a manticore
 16675 | D:11     | Found a staircase to the Orcish Mines.
 16676 | D:11     | Noticed Nergalle
 16804 | D:11     | Noticed a boulder beetle
 17065 | D:11     | Killed a boulder beetle
 17714 | D:11     | Reached skill level 10 in Fighting
 17744 | D:11     | Found a staircase to the Lair.
 17770 | D:11     | Reached skill level 5 in Invocations
 18300 | D:10     | Noticed a soul eater
 19734 | D:12     | Noticed a skeletal warrior
 20051 | D:12     | Noticed a brown ugly thing
 20150 | Lair:1   | Entered Level 1 of the Lair of Beasts
 20199 | Lair:1   | Reached **** piety under Uskayaw
 20201 | Lair:1   | Reached skill level 6 in Invocations
 20209 | Lair:1   | Reached ***** piety under Uskayaw
 20374 | Lair:1   | Reached XP level 12. HP: 108/108 MP: 15/15
 21070 | Lair:1   | Noticed a boulder beetle
 21079 | Lair:1   | Killed a boulder beetle
 21140 | D:11     | Reached skill level 7 in Invocations
 21224 | Lair:1   | Reached skill level 10 in Ranged Weapons
 21435 | Lair:1   | Noticed Grum
 21516 | Lair:1   | Killed Grum
 21856 | Lair:2   | You are sucked into a shaft and drop 2 floors!
 21856 | Lair:3   | Identified the of Ganodaac
 22205 | Lair:3   | Noticed a death yak
 22474 | Lair:2   | Found a hole to the Spider Nest.
 22794 | Lair:2   | Reached skill level 8 in Invocations
 23416 | Lair:2   | Found a staircase to the Swamp.
 23436 | Lair:2   | Reached XP level 13. HP: 108/117 MP: 18/18
 24041 | Lair:3   | Found a runed translucent door.
 24041 | Lair:3   | Noticed GigaChad's ghost (journeyman KoFi)
 24446 | Lair:2   | Reached skill level 10 in Armour
 25478 | Lair:3   | Reached skill level 9 in Invocations
 27360 | Lair:5   | Entered Level 5 of the Lair of Beasts
 28510 | Lair:5   | Reached skill level 10 in Invocations
 28794 | Lair:5   | Found a viscous altar of Jiyva.
 28794 | Lair:5   | Found a staircase to the Slime Pits.
 29222 | Lair:5   | Reached XP level 14. HP: 129/129 MP: 20/20
 33112 | D:11     | Reached skill level 11 in Invocations
 33750 | D:11     | Killed Nergalle
 39967 | D:13     | Found a runed translucent gate.
 39967 | D:13     | Found a runed translucent gate.
 39967 | D:13     | Found a runed translucent gate.
 39970 | D:13     | Noticed Alealo Viph's ghost (journeyman TrFi)
 41004 | D:14     | Reached skill level 12 in Invocations
 41356 | D:14     | Noticed Louise
 41492 | D:14     | Increase (s)trength, (i)ntelligence, or (d)exterity?
 41492 | D:14     | Reached XP level 15. HP: 77/136 MP: 23/23
 41673 | D:14     | Killed Louise
 42581 | D:14     | Found a gate to the Vaults.
 43113 | D:14     | Noticed Azrael
 43125 | D:13     | Killed Azrael
 43718 | D:15     | Entered Level 15 of the Dungeon
 44348 | D:15     | Reached skill level 13 in Invocations
 44350 | D:15     | Paralysed by a floating eye for 2 turns
 45557 | D:15     | Found a staircase to the Depths.
 45812 | Orc:1    | Entered Level 1 of the Orcish Mines
 45817 | Orc:1    | Found Zeguyt's Weapon Shop.
 46117 | Orc:1    | Found Wonuecur's Antique Armour Shoppe.
 46131 | Orc:1    | Noticed Pooter's ghost (journeyman MiBe)
 46220 | Orc:1    | Reached ****** piety under Uskayaw
 46232 | Orc:1    | Found a runed translucent gate.
 46232 | Orc:1    | Found a runed translucent gate.
 46232 | Orc:1    | Found a runed translucent gate.
 46431 | Gauntlet | Identified the "Noroh"
 46431 | Orc:2    | Entered Level 2 of the Orcish Mines
 46481 | Orc:2    | Found a staircase to the Elven Halls.
 46912 | Orc:2    | Found a gate leading to a gauntlet.
 46919 | Orc:2    | Found Kixotibu's Armour Shop.
 46923 | Gauntlet | Entered a Gauntlet
 46923 | Gauntlet | Found a transporter.
 46925 | Gauntlet | Noticed a balrug
 46926 | Gauntlet | Found a transporter.
 46940 | Gauntlet | Found a transporter.
 46943 | Gauntlet | Found a transporter.
 46955 | Gauntlet | Found a transporter.
 46973 | Gauntlet | Found a transporter.
 46976 | Gauntlet | Found a transporter.
 46980 | Gauntlet | Found a transporter.
 47011 | Gauntlet | Found a runed translucent door.
 47012 | Gauntlet | Found a transporter.
 47012 | Gauntlet | Found a transporter.
 47015 | Gauntlet | Found a transporter.
 47015 | Gauntlet | Noticed a balrug
 47019 | Gauntlet | Found a runed translucent door.
 47037 | Gauntlet | Found a transporter.
 47194 | Gauntlet | Killed a balrug
 47396 | Gauntlet | Identified the ring "Askost" {*Slow rC+ rN+ MP+9 Stlth+}
 47537 | Gauntlet | Identified the ring of Goakkoot {Int+3 SInv}
 47574 | Gauntlet | Found the +2 pair of slick slippers {slick, slippery, EV+4}
 47574 | Gauntlet | Identified the +6 war axe of Offence {speed, Dex+2}
 47691 | Gauntlet | Identified the orb "Wet Moum" {mayhem, Str-2 Dex+5}
 49092 | Orc:2    | Found Ifaiqeru's Antique Armour Shop.
 49110 | Orc:2    | Found Jerox's Antique Weapon Boutique.
 49133 | Orc:2    | Found an ancient bone altar of Kikubaaqudgha.
 49747 | Orc:2    | Found a radiant altar of Vehumet.
 50151 | Orc:2    | Found Buodd's Distillery.
 50167 | Orc:2    | Found Vehol's Book Shop.
 50248 | Orc:1    | Found Jiadowun's Antique Armour Shoppe.
 50268 | Orc:1    | Found Cirgh's Weapon Shop.
 50343 | Orc:1    | Found Momyceb's Armour Emporium.
 50408 | Orc:1    | Bought the +0 pair of gloves "Poseq" {Will+ MP+9 Str+4} for
                  | 666 gold pieces
 50408 | Orc:1    | Bought the +2 helmet of Kikubaaqudgha's Envy {+Blink rPois
                  | rCorr} for 574 gold pieces
 50459 | Orc:1    | Bought a slimy scale mail for 252 gold pieces
 50459 | Orc:1    | Identified the +1 scale mail of Peziph {*Slow rN+ MP+9}
                  | (You bought it in a shop on level 1 of the Orcish Mines)
 50460 | Orc:1    | Bought a pair of embroidered boots for 210 gold pieces
 50571 | Orc:2    | Bought a potion of curing for 36 gold pieces
 50571 | Orc:2    | Bought a potion of heal wounds for 60 gold pieces
 50571 | Orc:2    | Bought a potion of heal wounds for 60 gold pieces
 50805 | Spider:1 | Entered Level 1 of the Spider Nest
 50865 | Spider:1 | Noticed a ghost moth
 50986 | Lair:2   | Killed a ghost moth
 51673 | Lair:2   | Reached skill level 14 in Invocations
 52173 | Spider:1 | Reached XP level 16. HP: 144/144 MP: 25/25
 53951 | Spider:1 | Upgraded the game from 0.31-a0-920-g28cbb04a8c to
                  | 0.31-a0-925-g0a390f2509
 54798 | Spider:2 | Noticed Agnes
 54813 | Spider:2 | Killed Agnes
 56270 | Spider:2 | Reached skill level 15 in Invocations
 58186 | D:11     | Acquired 422 gold pieces
 58314 | Orc:2    | Bought a bronze plate armour for 728 gold pieces
 58314 | Orc:2    | Identified the +9 plate armour of Ocheshuu {-Tele Harm
                  | rElec Dex+7} (You bought it in a shop on level 2 of the
                  | Orcish Mines)
 58636 | Spider:3 | Noticed Kirke
 58652 | Spider:2 | Reached skill level 15 in Ranged Weapons
 58937 | Spider:2 | Killed Kirke
 58967 | Spider:3 | Found a frozen archway.
 58977 | IceCv    | Entered an ice cave
 60037 | Spider:4 | Entered Level 4 of the Spider Nest
 60040 | Spider:4 | Reached XP level 17. HP: 152/152 MP: 27/27
 64819 | Spider:4 | Reached skill level 16 in Invocations
 65892 | Spider:4 | Reached skill level 15 in Fighting
 66675 | Spider:4 | Got a gossamer rune of Zot
 66874 | Swamp:1  | Entered Level 1 of the Swamp
 67585 | Swamp:1  | Identified the +10 halberd "Ucwoj" {distort, rC+}
 68427 | Swamp:1  | Found an opulent altar of Gozag.
 69158 | Swamp:2  | Reached XP level 18. HP: 134/163 MP: 29/29
 70916 | Swamp:4  | Entered Level 4 of the Swamp
 72136 | Swamp:4  | Reached skill level 17 in Invocations
 73637 | Swamp:4  | Noticed the 27-headed Lernaean hydra
 74679 | Swamp:4  | Identified the +5 plate armour "Nienab" {Rampage rN+}
 74918 | Swamp:4  | Got a decaying rune of Zot
 75208 | D:8      | Killed Maggie
 75379 | D:8      | Killed Amaemon
 75506 | D:8      | Killed promet's ghost
 75734 | D:4      | Killed Sigmund
 75738 | D:4      | Noticed Duvessa
 75739 | D:4      | Killed Dowan
 75742 | D:4      | Killed Duvessa
 75754 | D:4      | Identified the staff "No More Talking" {rN+ rCorr MP+9
                  | Str-2 SInv Necro}
 75803 | D:4      | Killed Pikel
 75844 | D:4      | Killed Eustachio
 75945 | D:2      | Killed Natasha
 76299 | Lair:3   | Killed GigaChad's ghost
 76488 | D:13     | Killed Alealo Viph's ghost
 76492 | D:13     | Reached skill level 15 in Armour
 76650 | D:13     | Identified the ring "Ceuj" {Ice rPois rCorr MP+9 Dex-5}
 77141 | Orc:1    | Killed Pooter's ghost
 77286 | Orc:1    | Identified the +0 pair of boots of the Gate {rC+}
 77492 | Vaults:1 | Identified the "Bat Xujoats"
 77492 | Crypt:2  | Identified the of Beremann
 77492 | Crypt:3  | Identified the "Fuych"
 77492 | Depths:3 | Identified the of Beevapypn
 77492 | Depths:3 | Identified the "Gattyd"
 77492 | Elf:1    | Entered Level 1 of the Elven Halls
 78488 | Elf:1    | Reached XP level 19. HP: 174/174 MP: 30/30
 80232 | Elf:1    | Slain by a +1 glaive of distortion

Illustrated notes

Levels and vault maps discovered:
D:1:      dpeg_arrival_round_a, layout_rooms
D:2:      layout_rooms, basic_altar, uniq_natasha
D:3:      layout_basic, overflow_temple_1_default
D:4:      layout_layer_cave, minivault_24, uniq_sigmund, uniq_pikel,
          uniq_eustachio, uniq_duvessa
D:5:      layout_loops_corners
D:6:      layout_loops_ring, portal_sewer_entry_e
D:7:      layout_cave_pools, minmay_temple_entry_tees, dreamdust_gnoll_farm,
          uniq_joseph
D:8:      layout_basic, cheibriados_altar_1, ebering_ghost_inner_flame,
          nicolae_ossuary_entry_catacombs, uniq_maggie, uniq_amaemon
D:9:      layout_irregular_city, nicolae_overflows_in_rows, st_stairs_10
D:10:     layout_rooms, serial_bayou_pond_e
D:11:     layout_stronghold, david_lair_shrubbed, minmay_orc_entry_temple_large,
          uniq_nergalle
D:12:     layout_roguey
D:13:     layout_cave_pods, gammafunk_ghost_necromancy
D:14:     layout_loops_cross, erik_vaults_1, amcnicky_mini_rare_corridor_liquid,
          serial_shops, bzr_entry_safe, uniq_azrael, uniq_louise
D:15:     hangedman_depths_entry_civil_slaughter, layout_basic, nrook_campfire
Temple:   hellmonk_temple_divided_pantheon
Lair:1:   lemuel_reptile_caves, layout_hall_layers, grunt_megastairs_5,
          uniq_grum
Lair:2:   layout_concentric_octagons, skrybe_swamp_entry_bodies,
          spider_nest_entry_webs, st_stairs_8,
          grunt_forest_small_clearing_treed, infiniplex_staircase_pool
Lair:3:   layout_hall_layers, hellmonk_ghost_happy_afterlife, minivault_24,
          minmay_lindwurm_lava
Lair:4:   layout_cave_pods, nicolae_lair_liquid_snakes, serial_bayou_shore_b
Lair:5:   evilmike_catoblepas_cave, layout_gridlike, slime_entry_1
Swamp:1:  layout_basic_swamp, basic_altar
Swamp:2:  layout_basic_swamp, evilmike_swamp_ruin_house_2
Swamp:3:  layout_basic_swamp, hangedman_swamp_ruin_wall
Swamp:4:  grunt_swamp_rune_castle, layout_basic_swamp,
          infiniplex_staircase_pool_2
Spider:1: layout_spider_delve
Spider:2: layout_spider_delve, nicolae_crawler_farm, uniq_agnes
Spider:3: lemuel_spider_zombies, portal_ice_cave_entry_ice_simulacra, uniq_kirke
Spider:4: hellmonk_spider_rune_bug_friends
Orc:1:    layout_caves, basic_altar, serial_shops, shop, nicolae_shop_trees,
          nicolae_shop_bloodbath_and_beyond, shop, nicolae_square_shop,
          gammafunk_ghost_split
Orc:2:    kennysheep_orc_mage_school, layout_caves, gauntlet_entry_generic,
          serial_shops, shop
Elf:1:    nicolae_elf_arrival_fired_up, layout_gridlike,
          hangedman_elven_crosses_minicolossus

Skill      XL: |  1  2  3  4  5  6  7  8  9 10 11 12 13 14 15 16 17 18 |
---------------+-------------------------------------------------------+-----
Dodging        | 2 3 4 5 6 7 8 9 |  9.5
Stealth        | 2 |  2.6
Ranged Weapons | 4 5 6 7 8 9 10 11 13 14 15 16 | 16.9
Fighting       | 3 4 5 6 7 9 10 11 13 14 15 16 | 16.8
Armour         | 1 2 3 4 6 7 8 9 10 12 13 14 15 | 15.3
Invocations    | 3 6 8 10 12 14 15 16 17 | 17.8

Action                     |  1- 3 |  4- 6 |  7- 9 | 10-12 | 13-15 | 16-18 | 19-21 || total
---------------------------+-------+-------+-------+-------+-------+-------+-------++-------
  Melee: Unarmed           |       |    12 |       |       |       |       |       ||    12
         Demon trident     |       |       |       |       |    54 |       |       ||    54
         Punch             |       |       |       |       |     1 |       |       ||     1
   Fire: Shortbow          |   129 |   153 |   271 |       |       |       |       ||   553
         Orcbow            |       |       |    76 |   716 |  1009 |       |       ||  1801
         Sling             |       |       |       |    87 |       |       |       ||    87
         Arbalest          |       |       |       |       |   498 |  1460 |   106 ||  2064
  Throw: Dart              |       |    13 |    22 |    31 |    13 |       |       ||    79
         Javelin           |       |       |     3 |     2 |     2 |       |       ||     7
 Invoke: Stomp             |       |       |       |    74 |   117 |    54 |       ||   245
         Grand Finale      |       |       |       |       |     1 |     1 |       ||     2
  Evoke: Wand              |       |     2 |     1 |     3 |    28 |     1 |       ||    35
    Use: Scroll            |       |     1 |    12 |     2 |    14 |     5 |       ||    34
         Potion            |       |       |       |     1 |     4 |     3 |       ||     8
 Armour: Leather armour    |    38 |     4 |       |       |       |       |       ||    42
         Robe              |       |    69 |   113 |   109 |       |       |       ||   291
         Steam dragon scal |       |       |     5 |     9 |       |       |       ||    14
         Ring mail         |       |       |       |   124 |   517 |       |       ||   641
         Scale mail        |       |       |       |       |   219 |   379 |       ||   598
         Plate armour      |       |       |       |       |       |   803 |    76 ||   879
  Dodge: Dodged            |    47 |    63 |   144 |   376 |   661 |  1033 |    29 ||  2353
  Block: Other             |       |       |    47 |   106 |   201 |   284 |    16 ||   654
         Reflection        |       |       |     8 |       |    17 |     3 |     7 ||    35

Table legend: (Time is in decaauts)
 A = Elapsed time spent in this place.
 B = Non-inter-level travel time spent in this place.
 C = Inter-level travel time spent in this place.
 D = Time resting spent in this place.
 E = Time spent auto-exploring this place.
 F = Levels seen in this place.
 G = Mean time per level.
                   A        B        C        D        E       F      G
               +--------+--------+--------+--------+--------+-----+--------+
         Total |  81222 |  76510 |   4712 |  44276 |  11852 |  35 | 2320.6 |
       Dungeon |  34998 |  32099 |   2899 |  16410 |   6455 |  15 | 2333.2 |
        Temple |     54 |     54 |      0 |      0 |      0 |   1 |   54.0 |
          Lair |  14878 |  14052 |    826 |   7801 |   3168 |   5 | 2975.6 |
         Swamp |   7826 |   7826 |      0 |   4935 |      0 |   4 | 1956.5 |
   Spider Nest |  14750 |  14413 |    337 |  10461 |   1257 |   4 | 3687.5 |
  Orcish Mines |   5202 |   4553 |    649 |   2666 |    473 |   2 | 2601.0 |
   Elven Halls |   2496 |   2496 |      0 |   1497 |    499 |   1 | 2496.0 |
         Sewer |    221 |    221 |      0 |    110 |      0 |   1 |  221.0 |
      Ice Cave |      7 |      7 |      0 |      0 |      0 |   1 |    7.0 |
      Gauntlet |    786 |    786 |      0 |    392 |      0 |   1 |  786.0 |
               +--------+--------+--------+--------+--------+-----+--------+

Top non-repeatable levels by time:
    D:11: 7138 daAuts
Spider:4: 5782 daAuts
  Lair:5: 4866 daAuts
Spider:2: 4098 daAuts
   Orc:2: 3777 daAuts
  Lair:2: 3665 daAuts
 Swamp:4: 3429 daAuts
    D:12: 3349 daAuts
     D:6: 3136 daAuts
     D:9: 2756 daAuts
    D:13: 2697 daAuts
     D:5: 2619 daAuts
  Lair:4: 2598 daAuts
Spider:1: 2565 daAuts
   Elf:1: 2496 daAuts
